TOP OF THE 1ST |
Houston Astros batting - Pitching for Kansas City Royals : LHP Chris Sale
|
Pitching: LHP Chris Sale
|
|
Batting: SHB Jorge Polanco
|
0-0: Called Strike 0-1: Ball 1-1: Ground out 5-3 (Groundball, 56, EV 103.8 MPH)
|
Batting: SHB Ben Zobrist
|
0-0: Ball 1-0: Ground out 5-3 (Groundball, 56, EV 77.5 MPH)
|
Batting: RHB Trey Mancini
|
0-0: Ball 1-0: Ball 2-0: Fly out, F9 (Flyball, 89D, EV 90.6 MPH)
|
Top of the 1st over - 0 runs, 0 hits, 0 errors, 0 left on base; Houston 0 - Kansas City 0 |
BOTTOM OF THE 1ST |
Kansas City Royals batting - Pitching for Houston Astros : RHP Adonis Medina
|
Pitching: RHP Adonis Medina
|
|
Batting: LHB Jesse Winker
|
0-0: Ball 1-0: Ball 2-0: Called Strike 2-1: Foul Ball, location: 2F 2-2: Ball 3-2: Foul Ball, location: 2F 3-2: Fly out, F9 (Flyball, 9, EV 88.8 MPH)
|
Batting: LHB Odubel Herrera
|
0-0: Ball 1-0: Called Strike 1-1: Foul Ball, location: 2F 1-2: Ball 2-2: Ball 3-2: Fly out, F9 (Flyball, 9S, EV 95.6 MPH)
|
Batting: RHB Nolan Arenado
|
0-0: Ball 1-0: Foul Ball, location: 2F 1-1: Swinging Strike 1-2: Ball 2-2: Strikes out swinging
|
Bottom of the 1st over - 0 runs, 0 hits, 0 errors, 0 left on base; Houston 0 - Kansas City 0 |
TOP OF THE 2ND |
Houston Astros batting - Pitching for Kansas City Royals : LHP Chris Sale
|
Batting: RHB Edwin Encarnacion
|
0-0: Called Strike 0-1: Swinging Strike 0-2: Ball 1-2: Ball 2-2: Foul Ball, location: 2F 2-2: Fly out, F7 (Flyball, 7LDF, EV 101.9 MPH)
|
Batting: LHB Rougned Odor
|
0-0: Called Strike 0-1: Ball 1-1: DOUBLE (Line Drive, 89D, EV 104.4 MPH)
|
Batting: RHB Jorge Bonifacio
|
0-0: Foul Ball, location: 2F 0-1: Ball Wild Pitch! Rougned Odor to third 1-1: Ball 2-1: 2-RUN HOME RUN (Flyball, 78XD, EV 94.4 MPH), Distance : 405 ft
|
Batting: LHB Colin Moran
|
0-0: Swinging Strike 0-1: Ball 1-1: Ball 2-1: Foul Ball, location: 2F 2-2: Foul Ball, location: 2F 2-2: Ground out 1-3 (Groundball, 34S, EV 85.6 MPH)
|
Batting: LHB Omar Narvaez
|
0-0: Called Strike 0-1: Ball 1-1: Ball 2-1: Swinging Strike 2-2: Strikes out swinging
|
Top of the 2nd over - 2 runs, 2 hits, 0 errors, 0 left on base; Houston 2 - Kansas City 0 |
BOTTOM OF THE 2ND |
Kansas City Royals batting - Pitching for Houston Astros : RHP Adonis Medina
|
Batting: LHB Matt Adams
|
0-0: Ball 1-0: Ball 2-0: Ball 3-0: Called Strike 3-1: Foul Ball, location: 2F 3-2: Foul Ball, location: 2F 3-2: Base on Balls
|
Batting: SHB Jurickson Profar
|
0-0: Ball 1-0: Ball 2-0: Called Strike 2-1: Ball 3-1: Called Strike 3-2: DOUBLE (Flyball, 78D, EV 106.3 MPH) Matt Adams to third Matt Adams scores
|
Batting: LHB Lonnie Chisenhall
|
0-0: Ball 1-0: Ball 2-0: Ball 3-0: Called Strike 3-1: Foul Ball, location: 2F 3-2: Fly out, F9 (Line Drive, 9D, EV 102.5 MPH) Runner from 2nd tags up, SAFE at 3rd, no throw by RF
|
Batting: RHB Bryce Brentz
|
0-0: Called Strike 0-1: Swinging Strike 0-2: Strikes out swinging
|
Batting: RHB Curt Casali
|
0-0: Ball 1-0: Swinging Strike 1-1: Swinging Strike 1-2: Ground out 4-3 (Groundball, 4, EV 86.9 MPH)
|
Bottom of the 2nd over - 1 run, 1 hit, 0 errors, 1 left on base; Houston 2 - Kansas City 1 |
TOP OF THE 3RD |
Houston Astros batting - Pitching for Kansas City Royals : LHP Chris Sale
|
Batting: LHB Bradley Zimmer
|
0-0: Swinging Strike 0-1: Swinging Strike 0-2: Foul Ball, location: 2F 0-2: Strikes out swinging
|
Batting: SHB Jorge Polanco
|
0-0: Ball 1-0: Called Strike 1-1: Fly out, F8 (Flyball, 8LS, EV 84.4 MPH)
|
Batting: SHB Ben Zobrist
|
0-0: Called Strike 0-1: Called Strike 0-2: Strikes out looking
|
Top of the 3rd over - 0 runs, 0 hits, 0 errors, 0 left on base; Houston 2 - Kansas City 1 |
BOTTOM OF THE 3RD |
Kansas City Royals batting - Pitching for Houston Astros : RHP Adonis Medina
|
Batting: RHB Troy Tulowitzki
|
0-0: Ball 1-0: Swinging Strike 1-1: SINGLE (Line Drive, 7S, EV 90.0 MPH)
|
Batting: LHB Jesse Winker
|
0-0: SINGLE (Line Drive, 89M, EV 89.4 MPH) Troy Tulowitzki to second
|
Batting: LHB Odubel Herrera
|
0-0: Ball 1-0: Swinging Strike 1-1: Foul Ball, location: 2F 1-2: Ball 2-2: Fly out, F8 (Line Drive, 8LM, EV 92.5 MPH)
|
Batting: RHB Nolan Arenado
|
0-0: Ball 1-0: Ball 2-0: Ball 3-0: Base on Balls Troy Tulowitzki to third Jesse Winker to second
|
Batting: LHB Matt Adams
|
0-0: Called Strike 0-1: Called Strike 0-2: Foul Ball, location: 2F 0-2: Ball 1-2: Foul Ball, location: 2F 1-2: Foul Ball, location: 2F 1-2: Foul Ball, location: 2F 1-2: Ball 2-2: SINGLE (Groundball, 4MD, EV 104.4 MPH) Troy Tulowitzki scores Jesse Winker to third Nolan Arenado to second
|
Batting: SHB Jurickson Profar
|
0-0: Ball 1-0: Foul Ball, location: 2F 1-1: SINGLE (Line Drive, 56D, EV 96.9 MPH) Jesse Winker scores Nolan Arenado to third Matt Adams to second
|
Batting: LHB Lonnie Chisenhall
|
0-0: SINGLE (Line Drive, 78S, EV 109.4 MPH) Nolan Arenado scores Matt Adams to third Jurickson Profar to second Runner from 3rd tries for Home, SAFE, throw by LF to home
|
Pitching: RHP Jose Urena
|
|
Batting: RHB Bryce Brentz
|
0-0: Ball 1-0: DOUBLE (Line Drive, 7LM, EV 87.5 MPH) Jurickson Profar scores Lonnie Chisenhall to third
|
Batting: RHB Curt Casali
|
0-0: Ball 1-0: Foul Ball, location: 2F 1-1: Swinging Strike 1-2: Foul Ball, location: 2F 1-2: Hit by Pitch
|
Batting: RHB Troy Tulowitzki
|
0-0: Foul Ball, location: 2F 0-1: Ball 1-1: Foul Ball, location: 2F 1-2: Strikes out swinging
|
Batting: LHB Jesse Winker
|
0-0: Ball 1-0: SINGLE (Flyball, 7S, EV 86.9 MPH) Lonnie Chisenhall scores Bryce Brentz to third Curt Casali to second
|
Batting: LHB Odubel Herrera
|
0-0: Foul Ball, location: 2F 0-1: Hit by Pitch Bryce Brentz scores Curt Casali to third Jesse Winker to second
|
Batting: RHB Nolan Arenado
|
0-0: Ball 1-0: SINGLE (Groundball, 56D, EV 102.5 MPH) Curt Casali scores Jesse Winker to third Odubel Herrera to second Runner from 3rd tries for Home, SAFE, throw by LF to home
|
Batting: LHB Matt Adams
|
0-0: Ball 1-0: Ball 2-0: Called Strike 2-1: Foul Ball, location: 2F 2-2: Fly out, F8 (Flyball, 8RD, EV 85.0 MPH)
|
Bottom of the 3rd over - 9 runs, 8 hits, 0 errors, 2 left on base; Houston 2 - Kansas City 10 |
TOP OF THE 4TH |
Houston Astros batting - Pitching for Kansas City Royals : LHP Chris Sale
|
Batting: RHB Trey Mancini
|
0-0: Ball 1-0: Called Strike 1-1: Foul Ball, location: 2F 1-2: Foul Ball, location: 2F 1-2: Foul Ball, location: 2F 1-2: DOUBLE (Line Drive, 8RXD, EV 106.3 MPH) - OUT at third base trying to stretch hit.
|
Batting: RHB Edwin Encarnacion
|
0-0: Ball 1-0: Ball 2-0: Foul Ball, location: 2F 2-1: Fly out, F8 (Flyball, 8RXD, EV 91.9 MPH)
|
Batting: LHB Rougned Odor
|
0-0: SINGLE (Groundball, 4D, EV 98.8 MPH)
|
Batting: RHB Jorge Bonifacio
|
0-0: Called Strike 0-1: SINGLE (Groundball, 4MD, EV 95.6 MPH) Rougned Odor to second
|
Batting: LHB Colin Moran
|
0-0: Fly out, F4 (Popup, 23, EV 88.8 MPH)
|
Top of the 4th over - 0 runs, 3 hits, 0 errors, 2 left on base; Houston 2 - Kansas City 10 |
BOTTOM OF THE 4TH |
Kansas City Royals batting - Pitching for Houston Astros : RHP Jose Urena
|
Batting: SHB Jurickson Profar
|
0-0: Ball 1-0: Ball 2-0: Ball 3-0: Ground out 5-3 (Groundball, 6, EV 80.0 MPH)
|
Batting: LHB Lonnie Chisenhall
|
0-0: Swinging Strike 0-1: Foul Ball, location: 2F 0-2: Ball 1-2: Ball 2-2: Strikes out swinging
|
Batting: RHB Bryce Brentz
|
0-0: Swinging Strike 0-1: Ball 1-1: Ball 2-1: Fly out, F8 (Flyball, 8LS, EV 84.4 MPH)
|
Bottom of the 4th over - 0 runs, 0 hits, 0 errors, 0 left on base; Houston 2 - Kansas City 10 |
TOP OF THE 5TH |
Houston Astros batting - Pitching for Kansas City Royals : LHP Chris Sale
|
Batting: LHB Omar Narvaez
|
0-0: Ball 1-0: Called Strike 1-1: Foul Ball, location: 2F 1-2: Ball 2-2: Ball 3-2: Foul Ball, location: 2F 3-2: Foul Ball, location: 2F 3-2: SINGLE (Flyball, 8RS, EV 95.6 MPH)
|
Batting: LHB Bradley Zimmer
|
0-0: Foul Ball, location: 2F 0-1: Ball 1-1: Foul Ball, location: 2F 1-2: Ball 2-2: Foul Ball, location: 2F 2-2: Ball 3-2: Foul Ball, location: 2F 3-2: Foul Ball, location: 2F 3-2: Base on Balls Omar Narvaez to second
|
Batting: SHB Jorge Polanco
|
0-0: Ball 1-0: Foul Ball, location: 2F 1-1: Foul Ball, location: 2F 1-2: Ball 2-2: Strikes out swinging
|
Batting: SHB Ben Zobrist
|
0-0: Swinging Strike 0-1: Ball 1-1: Foul Ball, location: 2F 1-2: Ball 2-2: Strikes out swinging
|
Batting: RHB Trey Mancini
|
0-0: SINGLE (Groundball, 4MD, EV 102.5 MPH) Omar Narvaez to third Bradley Zimmer to second Runner from 3rd tries for Home, SAFE, no throw by CF
|
Batting: RHB Edwin Encarnacion
|
0-0: Called Strike 0-1: Called Strike 0-2: Ball 1-2: Ball 2-2: SINGLE (Groundball, 56S, EV 63.1 MPH) (infield hit) Bradley Zimmer to third Trey Mancini to second
|
Batting: LHB Rougned Odor
|
0-0: Called Strike 0-1: Fly out, F1 (Line Drive, P, EV 70.0 MPH)
|
Top of the 5th over - 1 run, 3 hits, 0 errors, 3 left on base; Houston 3 - Kansas City 10 |
BOTTOM OF THE 5TH |
Kansas City Royals batting - Pitching for Houston Astros : RHP Jose Urena
|
Batting: RHB Curt Casali
|
0-0: Ball 1-0: Called Strike 1-1: SINGLE (Groundball, 56D, EV 96.3 MPH)
|
Batting: RHB Troy Tulowitzki
|
0-0: Grounds into double play, 3-6-3 (Groundball, 3, EV 81.9 MPH)
|
Batting: LHB Jesse Winker
|
0-0: Ball 1-0: Called Strike 1-1: Swinging Strike 1-2: Ball 2-2: Foul Ball, location: 2F 2-2: Ground out U3 (Groundball, 3L, EV 82.5 MPH)
|
Bottom of the 5th over - 0 runs, 1 hit, 0 errors, 0 left on base; Houston 3 - Kansas City 10 |
TOP OF THE 6TH |
Houston Astros batting - Pitching for Kansas City Royals : LHP Chris Sale
|
Batting: RHB Jorge Bonifacio
|
0-0: Called Strike 0-1: Foul Ball, location: 2F 0-2: Ball 1-2: Ground out 6-3 (Groundball, 56, EV 105.0 MPH)
|
Batting: LHB Colin Moran
|
0-0: Ball 1-0: Ground out 1-3 (Groundball, 34S, EV 76.3 MPH)
|
Batting: LHB Omar Narvaez
|
0-0: Ball 1-0: Ball 2-0: Foul Ball, location: 2F 2-1: Foul Ball, location: 2F 2-2: Foul Ball, location: 2F 2-2: Ball 3-2: Fly out, F7 (Line Drive, 7, EV 93.1 MPH)
|
Top of the 6th over - 0 runs, 0 hits, 0 errors, 0 left on base; Houston 3 - Kansas City 10 |
BOTTOM OF THE 6TH |
Kansas City Royals batting - Pitching for Houston Astros : RHP Jose Urena
|
Batting: LHB Odubel Herrera
|
0-0: Called Strike 0-1: Ball 1-1: Ground out 3-1 (Groundball, 34, EV 108.8 MPH)
|
Batting: RHB Nolan Arenado
|
0-0: Foul Ball, location: 2F 0-1: Ball 1-1: Foul Ball, location: 2F 1-2: Foul Ball, location: 2F 1-2: Ball 2-2: Ground out 6-3 (Groundball, 6, EV 81.3 MPH)
|
Batting: LHB Matt Adams
|
0-0: Ball 1-0: Ball 2-0: Ball 3-0: Base on Balls
|
Batting: SHB Jurickson Profar
|
0-0: Foul Ball, location: 2F 0-1: Ball 1-1: Ball 2-1: Ball 3-1: Base on Balls Matt Adams to second
|
Batting: LHB Lonnie Chisenhall
|
0-0: Ball 1-0: Foul Ball, location: 2F 1-1: Ball 2-1: Called Strike 2-2: Ball 3-2: Base on Balls Matt Adams to third Jurickson Profar to second
|
Pitching: RHP Josh Smith
|
|
Batting: RHB Bryce Brentz
|
0-0: Ground out 1-3 (Groundball, P, EV 88.8 MPH)
|
Bottom of the 6th over - 0 runs, 0 hits, 0 errors, 3 left on base; Houston 3 - Kansas City 10 |
TOP OF THE 7TH |
Houston Astros batting - Pitching for Kansas City Royals : LHP Chris Sale
|
Pitching: RHP Gregory Infante
|
|
Pinch Hitting: RHB Jermaine Palacios
|
0-0: Ball 1-0: Ball 2-0: Foul Ball, location: 2F 2-1: Foul Ball, location: 2F 2-2: Ball 3-2: Ground out 6-3 (Groundball, 6, EV 86.3 MPH)
|
Batting: SHB Jorge Polanco
|
0-0: Ball 1-0: Foul Ball, location: 2F 1-1: Ground out 4-3 (Groundball, 4, EV 91.9 MPH)
|
Batting: SHB Ben Zobrist
|
0-0: Ball 1-0: Ground out 6-3 (Groundball, 6M, EV 101.9 MPH)
|
Top of the 7th over - 0 runs, 0 hits, 0 errors, 0 left on base; Houston 3 - Kansas City 10 |
BOTTOM OF THE 7TH |
Kansas City Royals batting - Pitching for Houston Astros : RHP Josh Smith
|
Now in CF: Parker Meadows
|
|
Batting: RHB Curt Casali
|
0-0: Foul Ball, location: 2F 0-1: SINGLE (Line Drive, 89M, EV 90.6 MPH)
|
Batting: RHB Troy Tulowitzki
|
0-0: Ball 1-0: Grounds into double play, 5-4-3 (Groundball, 56, EV 102.5 MPH)
|
Batting: LHB Jesse Winker
|
0-0: Called Strike 0-1: Called Strike 0-2: Foul Ball, location: 2F 0-2: Foul Ball, location: 2F 0-2: Foul Ball, location: 2F 0-2: Ball 1-2: Ball 2-2: SINGLE (Line Drive, 4MD, EV 97.5 MPH)
|
Batting: LHB Odubel Herrera
|
0-0: Ball 1-0: Fielders Choice at 2nd, 6-4 (Groundball, 6, EV 77.5 MPH)
|
Bottom of the 7th over - 0 runs, 2 hits, 0 errors, 1 left on base; Houston 3 - Kansas City 10 |
TOP OF THE 8TH |
Houston Astros batting - Pitching for Kansas City Royals : RHP Gregory Infante
|
Batting: RHB Trey Mancini
|
0-0: Called Strike 0-1: Ground out 6-3 (Groundball, 6S, EV 85.6 MPH)
|
Batting: RHB Edwin Encarnacion
|
0-0: Ball 1-0: SOLO HOME RUN (Flyball, 78XD, EV 104.4 MPH), Distance : 390 ft
|
Batting: LHB Rougned Odor
|
0-0: Ball 1-0: Called Strike 1-1: Swinging Strike 1-2: Ball 2-2: Strikes out swinging
|
Batting: RHB Jorge Bonifacio
|
0-0: Fly out, F8 (Flyball, 8RXD, EV 92.5 MPH)
|
Top of the 8th over - 1 run, 1 hit, 0 errors, 0 left on base; Houston 4 - Kansas City 10 |
BOTTOM OF THE 8TH |
Kansas City Royals batting - Pitching for Houston Astros : RHP Josh Smith
|
Batting: RHB Nolan Arenado
|
0-0: Called Strike 0-1: Fly out, F5 (Popup, 5S, EV 73.1 MPH)
|
Batting: LHB Matt Adams
|
0-0: Fly out, F4 (Line Drive, 4, EV 74.4 MPH)
|
Batting: SHB Jurickson Profar
|
0-0: Called Strike 0-1: Ball 1-1: Ground out U3 (Groundball, 3S, EV 85.6 MPH)
|
Bottom of the 8th over - 0 runs, 0 hits, 0 errors, 0 left on base; Houston 4 - Kansas City 10 |
TOP OF THE 9TH |
Houston Astros batting - Pitching for Kansas City Royals : RHP Gregory Infante
|
Batting: LHB Colin Moran
|
0-0: Fly out, F9 (Flyball, 89M, EV 81.3 MPH)
|
Batting: LHB Omar Narvaez
|
0-0: Ball 1-0: Foul Ball, location: 2F 1-1: Ball 2-1: Fly out, F9 (Flyball, 9S, EV 85.6 MPH)
|
Batting: LHB Parker Meadows
|
0-0: Called Strike 0-1: Ball 1-1: Foul Ball, location: 2F 1-2: Foul Ball, location: 2F 1-2: Strikes out looking
|
Top of the 9th over - 0 runs, 0 hits, 0 errors, 0 left on base; Houston 4 - Kansas City 10 |
|